 Dungeon Crawl Stone Soup version 0.31.0-1-g2c135a008e (webtiles) character file.

Game seed: 5157598833106863618

4 qw the Shooter (level 1, -4/18 HPs)
             Began as a Djinni Hunter on Jan 23, 2024.
             Frozen to death by an endoplasm (6 damage)
             ... on level 1 of the Dungeon.
             The game lasted 00:00:00 (61 turns).

qw the Shooter (Djinni Hunter)                        Turns: 61, Time: 00:00:00

Health: -4/18      AC:  3    Str: 10    XL:     1   Next: 66%
Gold:   0          EV: 12    Int: 10    God:
                   SH:  0    Dex: 16

rFire   + + .        a - +0 shortbow
rCold   x . .        (shield currently unavailable)
rNeg    . . .        c - +0 leather armour
rPois   inf          (no helmet)
rElec   .            (no cloak)
rCorr   .            (no gloves)
SInv    .            (boots unavailable)
Will    .....        (no amulet)
Stlth   +            (no ring)
HPRegen 0.23/turn    (no ring)
MPRegen 0.00/turn

%: infuse magic (-5 HP)
@: flying
A: sickness immunity, fire resistance 2, cold vulnerability 1, float, innate
caster, HP casting, extra vitality 1
a: no special abilities


You were on level 1 of the Dungeon.
You visited 1 branch of the dungeon, and saw 1 of its levels.


Innate Abilities, Weirdness & Mutations

You are immune to sickness and miasma.
You are immune to poison.
Your flesh is very heat resistant. (rF++)
You are vulnerable to cold. (rC-)
You float through the air rather than walking.
You learn spells naturally, not from books.
Your magical power is your life essence.
You have superior vitality. (+4 MHP)


   Skills:
 - Level 2.0 Fighting
 + Level 3.4 Ranged Weapons
 - Level 2.1 Dodging
 - Level 0.7 Stealth You didn't know any spells. Your spell library was empty.

Inventory:

Hand Weapons
 a - a +0 shortbow (weapon)
Armour
 c - a +0 leather armour (worn)
Scrolls
 b - a scroll of butterflies
Potions
 d - a potion of cancellation {unknown}

Dungeon Overview and Level Annotations

Branches:
Dungeon (1/15)

Altars:


Message History

You shoot an arrow. The arrow misses the frilled lizard.
The frilled lizard bites you. The endoplasm barely misses you.
The frilled lizard barely misses you. The endoplasm hits you.
You shoot an arrow.
The arrow completely misses the frilled lizard.
The frilled lizard barely misses you. The endoplasm hits you.
You shoot an arrow.
The arrow closely misses the frilled lizard.
The frilled lizard closely misses you. The endoplasm freezes you.
You are frozen!
You feel a terrible chill!
You shoot an arrow.
The arrow barely misses the frilled lizard.
The endoplasm freezes you.
You are frozen.
The frilled lizard barely misses you.
You shoot an arrow.
The arrow closely misses the frilled lizard.
The frilled lizard closely misses you. The endoplasm closely misses you.
The frilled lizard bites you but does no damage.
The endoplasm hits you.
You shoot an arrow.
The arrow barely misses the frilled lizard.
The arrow hits the dart slug!
The dart slug is almost dead.
The frilled lizard barely misses you. The endoplasm closely misses you.
You shoot an arrow.
The arrow hits the dart slug but does no damage.
The dart slug is almost dead.
The frilled lizard barely misses you. The endoplasm freezes you.
You are frozen.
The dart slug launches a dart at you. The slug dart misses you.
You shoot an arrow.
The arrow hits the dart slug but does no damage.
The dart slug is almost dead.
The frilled lizard closely misses you. The endoplasm freezes you.
You are frozen.
You feel a terrible chill!
You die...

...##.....#.........#
....###.##.....##...#
#...........##.##..#
#.....(.....####...#
#..####......##....#
#.#...#............#
#.#.....#.#########..#
#...#..#..# #.##
#..J@..## ..#
......wl### .##
.######.. .... .....>
........ #.........
#..........


You could see a dart slug, an endoplasm and a frilled lizard.

Vanquished Creatures
  2 jackals (D:1)
  A kobold (D:1)
3 creatures vanquished.

Notes
Turn   | Place    | Note
-------+----------+-------------------------------------------
     0 | D:1      | qw the Djinni Hunter began the quest for the Orb.
     0 | D:1      | Reached XP level 1. HP: 18/18 MP: 0/0
     0 | D:1      | 0 ||| qw: Version: 0.3-a-136-gdd3b4e8
     0 | D:1      | 0 ||| qw: Game counter: 1077
     0 | D:1      | 0 ||| qw: Melee chars always use a shield: true
     0 | D:1      | 0 ||| qw: God list: Okawaru
     0 | D:1      | 0 ||| qw: Allow faded altars: false
     0 | D:1      | 0 ||| qw: Do Orc after clearing Dungeon:15 true
     0 | D:1      | 0 ||| qw: Do second Lair branch before Depths: true
     0 | D:1      | 0 ||| qw: Lair rune preference: random
     0 | D:1      | 0 ||| qw: Goals: Normal
     0 | D:1      | 0 ||| PLANNING D:1-11
    56 | D:1      | HP: 4/18 [frozen (7)]
    61 | D:1      | Frozen to death by an endoplasm

Levels and vault maps discovered:
D:1:      erik_arrival_blinker_ship, layout_basic, serial_shops,
          nicolae_shop_mannequins, serial_curves, eino_curves_01, eino_curves_02

Action                     || total
---------------------------++-------
   Fire: Shortbow          ||    26
 Armour: Leather armour    ||    11
  Dodge: Dodged            ||    19

Table legend:
 A = Non-vault XP
 B = Vault XP
 C = Vault XP percentage of total XP
 D = Non-vault monster count
 E = Vault monster count
 F = Vault count percentage of total count
                 A         B        C        D         E       F
            +---------+---------+-------+---------+---------+-------
      Total |       6 |       0 |   0.0 |       3 |       0 |   0.0
            +---------+---------+-------+---------+---------+-------
        D:1 |       6 |       0 |   0.0 |       3 |       0 |   0.0
            +---------+---------+-------+---------+---------+-------
